 Dungeon Crawl Stone Soup version 0.22.0 (webtiles) character file.

78 Jupotter the Skirmisher (level 4, -2/41 HPs)
             Began as a Minotaur Monk on Aug 12, 2018.
             Slain by Sigmund
             ... wielding a +2 scythe of slicing
              (6 damage)
             ... on level 3 of the Dungeon.
             The game lasted 00:04:49 (2152 turns).

Jupotter the Skirmisher (Minotaur Monk)             Turns: 2152, Time: 00:04:49

Health: -2/41      AC:  3    Str: 16    XL:     4   Next: 15%
Magic:  3/3        EV: 13    Int:  8    God:
Gold:   78         SH:  0    Dex: 12    Spells: 3/3 levels left

rFire    . . .     SeeInvis .   a - +0 mace
rCold    . . .     Gourm    .   (no shield)
rNeg     . . .     Faith    .   g - +0 leather armour
rPois    .         Spirit   .   (helmet restricted)
rElec    .         Reflect  .   (no cloak)
rCorr    .         Harm     .   (no gloves)
MR       .....                  (no boots)
Stlth    ++........             (no amulet)
HPRegen  0.13/turn              j - ring of wizardry {Wiz+, !d}
MPRegen  0.08/turn              (no ring)

@: no status effects
A: retaliatory headbutt, horns 2
a: no special abilities


You were on level 3 of the Dungeon.
You were not hungry.

You visited 1 branch of the dungeon, and saw 3 of its levels.

You collected 78 gold pieces.

Inventory:

Hand Weapons
 a - a +0 mace (weapon)
Armour
 b - a +0 robe
 g - a +0 leather armour (worn)
Jewellery
 j - a ring of wizardry (left hand) {Wiz+, !d}
Scrolls
 d - a scroll of teleportation {unknown}
 e - 2 scrolls of magic mapping {unknown}
 i - 2 scrolls of noise {unknown}
 k - a scroll of remove curse {unknown}
 l - a scroll of enchant armour {unknown}
 m - 2 scrolls of identify {unknown}
 o - a scroll of random uselessness {unknown}
 p - a scroll of blinking {unknown}
Potions
 h - a potion of heal wounds {unknown}
 n - a potion of lignification {unknown}
Comestibles
 c - 11 rations
 q - 4 chunks of flesh


   Skills:
 * Level 4.5 Fighting
 * Level 4.5 Maces & Flails
 + Level 0.9 Armour
 + Level 3.7 Dodging
 + Level 2.1 Stealth


You had 3 spell levels left.
You didn't know any spells.
Your spell library was empty.

Dungeon Overview and Level Annotations

Branches:
Dungeon (3/15)

Altars:

Annotations:
D:2 1 runed door (Yuf!)
D:3 Sigmund


Innate Abilities, Weirdness & Mutations

You reflexively headbutt those who attack you in melee.
You have a pair of horns on your head.


Message History

You feel less confused.
It was a potion of curing.
You feel better. The goblin hits you with a dagger.
Something hits you but does no damage.
You barely miss the goblin. The goblin hits you with a dagger.
Something hits you!
You closely miss the goblin. The goblin misses you.
You hit the goblin.
The goblin is heavily wounded.
The goblin completely misses you. You furiously retaliate!
You headbutt the goblin!
You kill the goblin!
Something hits you!
You feel better. Something hits you!
Things that are here:
a dagger; 19 gold pieces; a goblin corpse You hit something but do no damage.
Your headbutt misses something. Something hits you!
* * * LOW HITPOINT WARNING * * *
x2 You hit something.
Something hits you.
You die...

......###..##
#.
.......###..#
.# <....#.#
##.###.##
######.#
#..#....#
#.###....##.#
#......####.#
#...#.#..#
#.# #..
#.##.###.# ##
..##..##@#
#.####..#{#
#. ##.#S## #.
#....# ..
##...####
#.......#
#..>..?.#
....[.......#
#####.......#


You could see an adder.

Vanquished Creatures
  An adder (D:2)
  2 oozes
  A worm (D:2)
  2 leopard geckos
  2 ball pythons (D:1)
  8 bats
  4 giant cockroaches
  5 goblins
  6 hobgoblins
  6 jackals
  6 kobolds
  A frilled lizard (D:1)
  5 rats (D:1)
49 creatures vanquished.

Notes
Turn   | Place    | Note
-------+----------+-------------------------------------------
     0 | D:1      | Jupotter the Minotaur Monk began the quest for the Orb.
     0 | D:1      | Reached XP level 1. HP: 19/19 MP: 0/0
     0 | D:1      | Noticed a minotaur zombie
    74 | D:1      | Reached XP level 2. HP: 25/27 MP: 1/1
   792 | D:1      | Reached XP level 3. HP: 33/33 MP: 2/2
  1854 | D:2      | Reached XP level 4. HP: 41/41 MP: 3/3
  2033 | D:2      | Found a runed door.
  2129 | D:3      | Noticed Sigmund
  2152 | D:3      | Slain by Sigmund

Skill      XL: |  1  2  3 |
---------------+----------+-----
Maces & Flails | 4 |  4.5
Fighting       | 4 |  4.5
Stealth        | 2 |  2.1
Armour         | |  0.9
Dodging        | |  3.7

Action                   |  1- 3 |  4- 6 || total
-------------------------+-------+-------++-------
Melee: Mace              |    98 |    23 ||   121
       Headbutt          |    13 |     3 ||    16
  Use: Potion            |       |     2 ||     2
 Stab: Sleeping          |     4 |       ||     4
  Eat: Chunk             |     2 |     2 ||     4
Armor: Robe              |     1 |       ||     1
       Leather armour    |    21 |     9 ||    30
Dodge: Dodged            |    73 |    15 ||    88
